 Dungeon Crawl Stone Soup version 0.27.1-4-g1640c2035a (webtiles) character file.

Game seed: 9829858731137662260

28 Jango the Vexing (level 3, -1/20 HPs)
             Began as a Kobold Arcane Marksman on Nov 4, 2021.
             Succumbed to an adder's poison
             ... on level 3 of the Dungeon.
             The game lasted 00:16:10 (1418 turns).

Jango the Vexing (Kobold Arcane Marksman)           Turns: 1418, Time: 00:16:11

Health: -1/20      AC:  6    Str:  8    XL:     3   Next: 27%
Magic:  4/5        EV: 12    Int: 14    God:
Gold:   62         SH:  0    Dex: 15    Spells: 1/4 levels left

rFire    . . .     SeeInvis .   a - +0 hunting sling
rCold    . . .     Faith    .   (shield restricted)
rNeg     . . .     Spirit   .   e - +0 ring mail
rPois    .         Reflect  .   g - +0 helmet
rElec    .         Harm     .   (no cloak)
rCorr    .         Rampage  .   (no gloves)
Will     .....                  (no boots)
Stlth    ++........             (no amulet)
HPRegen  0.06/turn              (no ring)
MPRegen  0.09/turn              (no ring)

@: lethally poisoned (-1 -> -8)
A: small, no large weapons, nightstalker 3
a: no special abilities


You were on level 3 of the Dungeon.
You visited 1 branch of the dungeon, and saw 3 of its levels.

You collected 62 gold pieces.

Inventory:

Hand Weapons
 a - a +0 hunting sling (weapon)
 b - a +0 club
 j - a +0 whip
 k - a +0 long sword
Missiles
 c - 10 sling bullets (quivered ammo)
 f - 22 stones
Armour
 d - a +0 robe
 e - a +0 ring mail (worn)
 g - a +0 helmet (worn)
 h - a +0 ring mail
Potions
 i - a potion of brilliance {unknown}


   Skills:
 + Level 1.2 Fighting
 * Level 2.6 Slings
 + Level 2.6 Dodging
 + Level 0.8 Stealth
 + Level 1.4 Spellcasting
 + Level 3.4 Hexes


You had one spell level left.
You knew the following spells:

 Your Spells              Type           Power      Damage    Failure   Level
a - Corona                Hex            11%        N/A       19%         1
b - Slow                  Hex            10%        N/A       28%         2

Your spell library contained the following spells:

 Spells                   Type           Power      Damage    Failure   Level
 Inner Flame              Hex/Fire       5%         N/A       75%         3
 Portal Projectile        Hex/Tloc       10%        N/A       75%         3
 Cause Fear               Hex            5%         N/A       88%         4


Dungeon Overview and Level Annotations

Branches:
Dungeon (3/15)

Altars:


Innate Abilities, Weirdness & Mutations

You are small and have problems with some larger weapons.
You are completely attuned to the shadows.


Message History

Aim: an adder (lightly wounded, chance to affect: 54%)
You miscast Slow.
You are very lightly contaminated with residual magic.
Nothing appears to happen.
The adder bites you. The adder closely misses you.
The adder bites you but does no damage.
Fire: 13 sling bullets
Press: ? - help, Q - select action, (/) - cycle Shift-Dir - straight line, f/p - adder
Aim: an adder (lightly wounded, 40% to hit)
You shoot a sling bullet. The sling bullet misses the adder.
The sling bullet hits the bat.
The bat is severely wounded.
The bat closely misses you. The adder bites you. The adder misses you.
The bat hits you but does no damage. The bat completely misses you.
The bat misses you. The bat completely misses you.
The adder closely misses you.
Your magical contamination has completely faded away.
Fire: 12 sling bullets
Press: ? - help, Q - select action, (/) - cycle Shift-Dir - straight line, f/p - adder
Aim: an adder (lightly wounded, 40% to hit)
You shoot a sling bullet.
The sling bullet barely misses the adder.
The adder misses you. The adder bites you.
You are poisoned.
The adder poisons you!
Fire: 11 sling bullets
Press: ? - help, Q - select action, (/) - cycle Shift-Dir - straight line, f/p - adder
Aim: an adder (lightly wounded, 40% to hit)
You shoot a sling bullet. The sling bullet hits the adder.
The adder is heavily wounded.
You feel sick. The adder bites you.
You are lethally poisoned!
The adder poisons you!
You feel very sick.
* * * LOW HITPOINT WARNING * * *
You feel sick. The adder barely misses you. The adder bites you.
* * * LOW HITPOINT WARNING * * *
* * * LOW HITPOINT WARNING * * *
You feel sick.
You die...

#.# #.#
####.###.#
..(.......
#.# #.# #.#
#.# #.# #@#
##(###.####
#...##S....
#(...b.####
#####...##.#
.....#####.#
####.# #.#
#.# #.# #.#
#.#


You could see an adder and a bat.

Vanquished Creatures
  2 ball pythons (D:1)
  An endoplasm (D:1)
  2 giant cockroaches
  3 hobgoblins (D:1)
  2 kobolds
  4 quokkas
  3 bats
  2 goblins (D:1)
  5 rats
24 creatures vanquished.

Notes
Turn   | Place    | Note
-------+----------+-------------------------------------------
     0 | D:1      | Jango the Kobold Arcane Marksman began the quest for the
                  | Orb.
     0 | D:1      | Reached XP level 1. HP: 12/12 MP: 2/2
   170 | D:1      | Found a faded altar of an unknown god.
   247 | D:1      | Reached XP level 2. HP: 16/16 MP: 3/3
   271 | D:1      | Learned a level 2 spell: Slow
  1208 | D:2      | Reached XP level 3. HP: 20/20 MP: 5/5
  1417 | D:3      | HP: 1/20 [poisoned by an adder]
  1418 | D:3      | Succumbed to an adder's poison

Illustrated notes

Levels and vault maps discovered:
D:1:      minmay_arrival_doors, layout_rooms, basic_ecumenical_altar,
          hangedman_abyss_or_decor_lesser_grid
D:2:      layout_basic, uniq_jessica, uniq_crazy_yiuf_cottage
D:3:      layout_loops_ring, general_overflow_altar, uniq_robin, uniq_natasha

Action                   || total
-------------------------++-------
Melee: Club              ||     7
 Fire: Hunting sling     ||    52
 Cast: Slow              ||     4
       Corona            ||     1
Armor: Robe              ||     1
       Ring mail         ||    14
Dodge: Dodged            ||    41
